 Dungeon Crawl Stone Soup version 0.31-a0-360-gb3e1d13bf4 (webtiles) character file.

Game seed: 4364495974760640004

264 porpoise the Slasher (level 5, -1/42 HPs)
             Began as a Demonspawn Gladiator on July 27, 2023.
             Killed from afar by an orc wizard (7 damage)
             ... with a puff of flame
             ... on level 3 of the Dungeon.
             The game lasted 00:06:52 (1845 turns).

porpoise the Slasher (Demonspawn Gladiator)         Turns: 1845, Time: 00:06:53

Health: -1/42      AC:  4    Str: 15    XL:     5   Next: 98%
Magic:  0/5        EV: 12    Int:  9    God:
Gold:   148        SH:  0    Dex: 16    Spells: 4/4 levels left

rFire   . . .        a - +0 long sword
rCold   . . .        (no shield)
rNeg    . . .        b - +0 leather armour
rPois   .            c - +0 helmet
rElec   .            (no cloak)
rCorr   .            (no gloves)
SInv    .            (no boots)
Will    .....        (no amulet)
Stlth   +            (no ring)
HPRegen 0.27/turn    (no ring)
MPRegen 0.18/turn

%: guardian spirit
@: no status effects
A: spiny 1, magic shield, magic regeneration
a: no special abilities


You were on level 3 of the Dungeon.
You visited 1 branch of the dungeon, and saw 3 of its levels.

You collected 148 gold pieces.

Inventory:

Hand Weapons
 a - a +0 long sword (weapon)
 k - a +1 dagger of venom
 q - a +0 orcbow
Missiles
 d - 3 throwing nets (quivered)
 e - a javelin
 s - 2 boomerangs
Armour
 b - a +0 leather armour (worn)
 c - a +0 helmet (worn)
Wands
 o - a wand of roots (6)
Scrolls
 f - a scroll of vulnerability
 j - 2 scrolls of teleportation
 m - a scroll of noise {unknown}
 n - a scroll of identify {unknown}
Potions
 g - a potion of enlightenment {unknown}
 h - a potion of brilliance {unknown}
 i - a potion of ambrosia {unknown}
 l - a potion of resistance {unknown}
 p - a potion of magic {unknown}
 r - 2 potions of lignification {unknown}
 t - a potion of heal wounds {unknown}


   Skills:
 + Level 3.9 Fighting
 * Level 5.2 Long Blades
 - Level 1.7 Throwing
 - Level 2.6 Dodging


You had 4 spell levels left.
You didn't know any spells.
Your spell library contained the following spells:

 Spells                   Type           Power      Damage    Failure   Level
 Necrotise                Necr           0%         1d4       45%         1
 Blink                    Tloc           0%         N/A       58%         2
 Lesser Beckoning         Tloc           0%         N/A       58%         2
 Momentum Strike          Conj/Tloc      0%         3d8       58%         2
 Vampiric Draining        Necr           0%         2d6       83%         3
 Airstrike                Air            0%         2d(0-16)  99%         4
 Agony                    Necr           0%         N/A       100%        5
 Borgnjor's Vile Clutch   Necr/Erth      0%         N/A       100%        5
 Leda's Unmaking          Conj/Erth      0%         9d1       100%        6


Dungeon Overview and Level Annotations

Branches:
Dungeon (3/15)

Altars:
Sif Muna

Annotations:
D:3 2 transporters


Innate Abilities, Weirdness & Mutations

You are partially covered in sharp spines.
When hurt, damage is shared between your health and your magic reserves.
You regenerate magic rapidly.


Message History

The orc is almost dead.
The orc hits you with a +0 flail. The orc closely misses you.
You hit the orc.
You kill the orc!
The orc wizard casts a spell.
The orc wizard flickers and vanishes!
Deactivating autopickup; reactivate with Ctrl-A.
The orc is struck by your spines. The orc hits you but does no damage.
The orc is struck by your spines. The orc barely misses you.
The rat is struck by your spines.
You kill the rat!
You barely miss something. The orc closely misses you.
You hit the orc.
The orc is severely wounded.
Something hits you. The orc completely misses you. The orc barely misses you.
You closely miss the orc.
The orc is severely wounded.
The orc is struck by your spines. The orc hits you with a +0 short sword.
Something hits you. The orc is struck by your spines.
The orc closely misses you.
You hit the orc.
You kill the orc!
You hear some strange, mumbled words.
A puff of flame appears from out of thin air!
The puff of flame hits you! The orc misses you.
You closely miss the orc.
The orc is heavily wounded.
Something hits you but does no damage. The orc hits you but does no damage.
You barely miss something. Something hits you but does no damage.
The orc hits you with a +0 whip.
* * * LOW HITPOINT WARNING * * *
You miss something. Something hits you.
* * * LOW HITPOINT WARNING * * *
The orc hits you with a +0 whip.
* * * LOW HITPOINT WARNING * * *
You barely miss something.
You hear some strange, mumbled words.
A puff of flame appears from out of thin air!
The puff of flame hits you!
You die...

#....##... ...........#.
.....### ## #...
#....... ....... .
##..##.##..#.... #.#.###
#. ....##.....##.#. .
##...##..##.##... ###
#.##.....#......##..
..###
#####.#.?...............
#...
......){..............#.
.#####.
#.....o@[.............#.
.......
#.....####.....####...#.
...# #....
#8^.......^8#...# ..###
..$. #.#.......#^#...#
<†..# ...
#..†......$.#...# ....#
.. ###.##_##.###..###
###..... . 8.. #.#
^8#...†. ....
######.######...). ...
#.................


You could see an orc.

Vanquished Creatures
  A scorpion (D:2)
  Jessica (D:2)
  An iguana (D:2)
  An orc wizard (D:3)
  5 adders
  A worm (D:2)
  7 orcs (D:3)
  3 endoplasms
  A giant cockroach (D:1)
  12 goblins
  11 hobgoblins
  2 jackals (D:1)
  3 kobolds
  A quokka (D:1)
  8 ball pythons
  5 bats
  A frilled lizard (D:3)
  11 rats
75 creatures vanquished.

Notes
Turn   | Place    | Note
-------+----------+-------------------------------------------
     0 | D:1      | porpoise the Demonspawn Gladiator began the quest for the
                  | Orb.
     0 | D:1      | Reached XP level 1. HP: 16/16 MP: 1/1
   134 | D:1      | Reached skill level 3 in Long Blades
   175 | D:1      | Gained mutation: You are partially covered in sharp spines.
                  | [demonic ancestry]
   175 | D:1      | Reached XP level 2. HP: 22/22 MP: 2/2
   374 | D:1      | Reached XP level 3. HP: 28/28 MP: 3/3
   843 | D:2      | Noticed Jessica
   864 | D:2      | Killed Jessica
   865 | D:2      | Reached skill level 4 in Long Blades
   865 | D:2      | Gained mutation: You regenerate magic rapidly. [demonic
                  | ancestry]
   865 | D:2      | Reached XP level 4. HP: 5/35 MP: 4/4
  1180 | D:2      | Noticed a scorpion
  1218 | D:2      | Killed a scorpion
  1219 | D:2      | Gained mutation: When hurt, damage is shared between your
                  | health and your magic reserves. [demonic ancestry]
  1219 | D:2      | Reached XP level 5. HP: 28/41 MP: 5/5
  1313 | D:2      | Got the Volume of Metallic Thunder
  1568 | D:3      | Reached skill level 5 in Long Blades
  1616 | D:3      | Found a transporter.
  1628 | D:3      | Found a shimmering blue altar of Sif Muna.
  1678 | D:3      | Found a transporter.
  1810 | D:3      | Found a faded altar of an unknown god.
  1845 | D:3      | Killed from afar by an orc wizard

Illustrated notes

Levels and vault maps discovered:
D:1:      dpeg_arrival_stonehenge_8_columns, layout_basic, minmay_misc_feat_chi,
          minmay_rat_gold_closets
D:2:      layout_rooms, uniq_jessica
D:3:      layout_rooms, gammafunk_temple_overflow_arena,
          shapermc_ecumenical_altar_mp_highgroup

Skill      XL: |  1  2  3  4  5 |
---------------+----------------+-----
Long Blades    | 3 4 5 |  5.2
Fighting       | 3 |  3.9
Throwing       | |  1.7
Dodging        | |  2.6

Action                     |  1- 3 |  4- 6 || total
---------------------------+-------+-------++-------
  Melee: Long sword        |    92 |    67 ||   159
         Punch             |     2 |       ||     2
         Dagger            |       |    10 ||    10
    Use: Scroll            |       |     2 ||     2
   Stab: Sleeping          |     5 |     1 ||     6
 Armour: Leather armour    |    19 |    17 ||    36
  Dodge: Dodged            |    45 |    39 ||    84

Table legend: (Time is in decaauts)
 A = Elapsed time spent in this place.
 B = Non-inter-level travel time spent in this place.
 C = Inter-level travel time spent in this place.
 D = Time resting spent in this place.
 E = Time spent auto-exploring this place.
 F = Levels seen in this place.
 G = Mean time per level.
                   A        B        C        D        E       F      G
               +--------+--------+--------+--------+--------+-----+--------+
         Total |   1875 |   1833 |     42 |    360 |    941 |   3 |  625.0 |
       Dungeon |   1875 |   1833 |     42 |    360 |    941 |   3 |  625.0 |
               +--------+--------+--------+--------+--------+-----+--------+

Top non-repeatable levels by time:
     D:2: 874 daAuts
     D:1: 705 daAuts
     D:3: 295 daAuts
